 Dungeon Crawl Stone Soup version 0.18-b1-22-ge198996 (webtiles) character file.

260 oplop the Sneak (level 6, -7/28 HPs)
             Began as a Vine Stalker Enchanter on May 4, 2016.
             Mangled by a mummy (8 damage)
             ... in an ossuary.
             The game lasted 00:04:05 (1723 turns).

oplop the Sneak (Vine Stalker Enchanter)            Turns: 1723, Time: 00:04:06

Health: -7/28      AC:  4    Str: 10    XL:     6   Next: 17%
Magic:  0/12       EV: 12    Int: 15    God:
Gold:   110        SH:  0    Dex: 17    Spells: 3 memorised, 4 levels left

rFire  . . .     SeeInvis .     a - +2 dagger
rCold  . . .     Gourm    .     b - +2 robe
rNeg   . . .     Faith    .     (no shield)
rPois  .         Spirit   +     (no helmet)
rElec  .         Dismiss  .     (no cloak)
rCorr  .         Reflect  .     (no gloves)
SustAt .         Harm     .     (no boots)
MR     .....                    (no amulet)
Stlth  +++.......               (no ring)
                                (no ring)

@: not resistant to hostile enchantments, fairly stealthy
A: fangs 2, regeneration 2, magic shield, antimagic bite, no device heal 3, rot
immunity
a: no special abilities


You were in an ossuary.
You were near starving.

You visited 1 branch of the dungeon, and saw 4 of its levels.
You also visited: Ossuary.

You collected 110 gold pieces.

Inventory:

Hand Weapons
 a - a +2 dagger (weapon)
Missiles
 q - 15 poisoned needles
Armour
 b - a +2 robe (worn)
Jewellery
 o - an uncursed ring of wizardry {unknown}
Wands
 r - a wand of slowing (24/48)
Scrolls
 f - a scroll of amnesia
 g - a scroll of enchant weapon
 h - 5 scrolls of identify
 m - a scroll of remove curse
Potions
 j - 3 potions of curing
 k - 2 potions of mutation {unknown}
 l - a potion of heal wounds {unknown}
 p - 2 potions of magic {unknown}
Books
 c - a book of Maledictions

   Spells                             Type                      Level
   a - Corona                         Hexes                        1
   b - Ensorcelled Hibernation        Hexes/Ice                    2
   c - Confuse                        Hexes                        3
   d - Tukima's Dance                 Hexes                        3
   e - Dazzling Spray                 Conjuration/Hexes            3
Comestibles
 d - 2 bread rations
 s - 2 beef jerkies


   Skills:
 + Level 2.6 Short Blades
 - Level 1.5 Dodging
 + Level 5.5 Stealth
 + Level 3.6 Spellcasting
 + Level 4.0 Hexes


You had 4 spell levels left.
You knew the following spells:

 Your Spells              Type           Power        Failure   Level  Hunger
b - Ensorcelled Hibernat  Hex/Ice        #.....       14%         2    ##.....
c - Confuse               Hex            ##......     14%         3    ###....
d - Tukima's Dance        Hex            ##......     14%         3    ###....


Dungeon Overview and Level Annotations

Branches:
Dungeon (4/15)             Temple (0/1) D:4

Altars:
Cheibriados
Kikubaaqudgha


Innate Abilities, Weirdness & Mutations

You have extremely sharp teeth.
You heal very quickly.
When hurt, damage is shared between your health and your magic reserves.
Your bite disrupts and absorbs the magic of your enemies.
Potions and wands cannot restore your health.
You are immune to rotting.


Message History

* * * LOW HITPOINT WARNING * * *
Read which item? (? for menu, Esc to quit)
Okay, then.
Evoke which item? (* to show all) (? for menu, Esc to quit)
Okay, then.
The kobold skeleton hits you but does no damage.
The orc skeleton misses you.
You barely miss the orc skeleton. The kobold skeleton barely misses you.
You hit the orc skeleton. Your bite misses the orc skeleton.
The orc skeleton hits you but does no damage.
The mummy hits you.
* * * LOW HITPOINT WARNING * * *
The kobold skeleton hits you but does no damage.
You hit the orc skeleton.
You bite the orc skeleton, but do no damage.
The orc skeleton hits you but does no damage.
You completely miss the orc skeleton. The kobold skeleton hits you.
* * * LOW HITPOINT WARNING * * *
The mummy hits you!
You die... #...# +...+ #...# #...# #...# #...# #...# #ZZM#

#.@.# ##+++##
##.....##
####.......###
#W▓...∩.∩...▓W#
####.......####
##.....##
##...## ##▓##


You could see a mummy, a kobold skeleton and an orc skeleton.

Vanquished Creatures
  A phantom (D:4)
  A hound (D:3)
  An orc priest (D:3)
  2 adders
  A gnoll (D:3)
  2 oozes
  2 worms (D:3)
  A dart slug (D:2)
  A giant gecko (D:1)
  5 orcs
  A ball python (D:3)
  6 bats
  5 giant cockroaches
  8 goblins
  4 hobgoblins
  6 jackals
  A giant newt (D:2)
  2 gnoll skeletons (Ossuary)
  4 kobolds
  3 kobold skeletons (Ossuary)
  2 orc skeletons (Ossuary)
  2 rats (D:2)
61 creatures vanquished.

Notes
Turn   | Place    | Note
--------------------------------------------------------------
     0 | D:1      | oplop the Vine Stalker Enchanter began the quest for the Orb.
     0 | D:1      | Reached XP level 1. HP: 9/9 MP: 4/4
    70 | D:1      | Reached skill level 1 in Short Blades
   205 | D:1      | Reached XP level 2. HP: 13/13 MP: 4/6
   277 | D:1      | Reached skill level 4 in Stealth
   522 | D:2      | Reached XP level 3. HP: 16/16 MP: 7/7
   831 | D:2      | Learned a level 2 spell: Ensorcelled Hibernation
   976 | D:3      | Found an ancient bone altar of Kikubaaqudgha.
  1056 | D:3      | Reached XP level 4. HP: 16/21 MP: 3/9
  1187 | D:3      | Reached skill level 5 in Stealth
  1187 | D:3      | Reached XP level 5. HP: 19/24 MP: 6/10
  1371 | D:3      | Learned a level 3 spell: Confuse
  1375 | D:3      | Learned a level 3 spell: Tukima's Dance
  1496 | D:3      | Found a snail-covered altar of Cheibriados.
  1621 | D:4      | Noticed a phantom
  1635 | D:4      | Killed a phantom
  1635 | D:4      | Gained mutation: You heal very quickly. [Vine Stalker growth]
  1635 | D:4      | Reached XP level 6. HP: 28/28 MP: 10/12
  1657 | D:4      | Found a staircase to the Ecumenical Temple.
  1680 | D:4      | Found a sand-covered staircase.
  1686 | Ossuary  | Entered an ossuary
  1686 | Ossuary  | Noticed a wraith
  1686 | Ossuary  | Noticed a wraith
  1686 | Ossuary  | Noticed a wraith
  1717 | Ossuary  | HP: 1/28 [mummy (14)]
  1723 | Ossuary  | HP: 1/28 [kobold skeleton (1)]
  1723 | Ossuary  | Mangled by a mummy

Skill      XL: |  1  2  3  4  5 |
---------------+----------------+-----
Short Blades   | 1 2 |  2.6
Stealth        | 4 5 |  5.5
Spellcasting   | 3 |  3.6
Hexes          | 4 |  4.0
Dodging        | |  1.5

Action                   |  1- 3 |  4- 6 || total
-------------------------+-------+-------++-------
Melee: Dagger            |    74 |   103 ||   177
       Bite              |    19 |    29 ||    48
 Cast: Ensorcelled Hiber |     1 |     5 ||     6
       Corona            |     1 |       ||     1
       Confuse           |       |     4 ||     4
  Use: Scroll            |       |     7 ||     7
 Stab: Sleeping          |     8 |     7 ||    15
       Confused          |       |     2 ||     2
  Eat: Chunk             |       |     2 ||     2
Armor: Robe              |    15 |    24 ||    39
Dodge: Dodged            |    63 |    46 ||   109
